[Event "ICC Open 2015"]
[Site "Internet Chess Club"]
[Date "2015.05.29"]
[Round "4"]
[White "nitishdas"]
[Black "editm"]
[Result "1-0"]
[ICCResult "Black checkmated"]
[WhiteElo "1791"]
[BlackElo "1692"]
[Opening "Caro-Kann: Rasa-Studier gambit"]
[ECO "B15"]
[NIC "CK.05"]
[Time "14:36:48"]
[TimeControl "180+0"]

1. e4 c6 2. Nc3 d5 3. d4 dxe4 4. f3 exf3 5. Nxf3 Bg4 6. Bc4 e6 7. O-O Nf6 8.
Be3 Nbd7 9. Qe1 Bd6 10. Qh4 O-O 11. Ng5 Bf5 12. Bd3 Bxd3 13. cxd3 Qc7 14.
Nce4 h6 15. Nxf6+ Nxf6 16. Rxf6 hxg5 17. Bxg5 gxf6 18. Bxf6 Bxh2+ 19. Kh1
Qg3 20. Qh8# {Black checkmated} 1-0

[Event "ICC Open 2015"]
[Site "Internet Chess Club"]
[Date "2015.05.29"]
[Round "4"]
[White "The7thGuest"]
[Black "FHNA"]
[Result "0-1"]
[ICCResult "White resigns"]
[WhiteElo "2052"]
[BlackElo "2579"]
[Opening "French: advance, Wade variation"]
[ECO "C02"]
[NIC "FR.03"]
[Time "14:36:41"]
[TimeControl "180+0"]

1. e4 e6 2. d4 d5 3. e5 c5 4. c3 Qb6 5. Nf3 Bd7 6. a3 Bb5 7. b4 cxd4 8.
Bxb5+ Qxb5 9. Nxd4 Qc4 10. Qe2 Qxe2+ 11. Kxe2 Nc6 12. Nxc6 bxc6 13. f4 Ne7
14. g4 h5 15. gxh5 Nf5 16. Kf3 Rxh5 17. h3 Kd7 18. Nd2 Be7 19. c4 Rah8 20.
cxd5 exd5 21. Kg2 Ne3+ 22. Kg3 Bh4+ 23. Kf3 Nc2 24. Ra2 Nd4+ 25. Ke3 Nf5+
26. Kd3 Be7 27. h4 Rxh4 28. Rxh4 Rxh4 29. Nf3 Rh1 30. Bd2 Rh3 31. Ke2 Nh4
32. Nxh4 Rxh4 33. a4 Rh2+ 34. Kd3 Bxb4 35. Rb2 Rxd2+ 36. Rxd2 Bxd2 37. Kxd2
Ke6 38. Kd3 c5 39. a5 Kf5 {White resigns} 0-1

[Event "ICC Open 2015"]
[Site "Internet Chess Club"]
[Date "2015.05.29"]
[Round "4"]
[White "Womacka"]
[Black "Andrei21"]
[Result "0-1"]
[ICCResult "White checkmated"]
[WhiteElo "2404"]
[BlackElo "2993"]
[Opening "Pirc: Austrian attack, 6.Bd3"]
[ECO "B06"]
[NIC "PU.02"]
[Time "14:36:45"]
[TimeControl "180+0"]

1. e4 g6 2. d4 Bg7 3. Nc3 d6 4. f4 Nf6 5. Nf3 O-O 6. Bd3 Bg4 7. h3 Bxf3 8.
Qxf3 Nc6 9. Be3 e5 10. dxe5 dxe5 11. f5 Nd4 12. Qf2 c6 13. g4 Re8 14. O-O-O
b5 15. g5 Nd7 16. h4 Qa5 17. Kb1 b4 18. Ne2 Nc5 19. h5 b3 20. axb3 Rab8 21.
hxg6 Ncxb3 22. gxf7+ Kf8 23. fxe8=Q+ Kxe8 24. cxb3 Nxb3 25. Nc3 Qa1+ 26. Kc2
Nd4+ 27. Bxd4 Rxb2# {White checkmated} 0-1

[Event "ICC Open 2015"]
[Site "Internet Chess Club"]
[Date "2015.05.29"]
[Round "4"]
[White "Birdy69"]
[Black "khekhm"]
[Result "0-1"]
[ICCResult "White resigns"]
[WhiteElo "1738"]
[BlackElo "2628"]
[Opening "Scandinavian: Pytel-Wade variation"]
[ECO "B01"]
[NIC "SD.02"]
[Time "14:37:27"]
[TimeControl "180+0"]

1. e4 d5 2. exd5 Qxd5 3. Nc3 Qd6 4. d4 Nf6 5. Bc4 a6 6. a4 Nc6 7. Nge2 Bg4
8. f3 Bf5 9. Bf4 Qd7 10. d5 Nb4 11. Nd4 Bg6 12. O-O O-O-O 13. Qd2 Nfxd5 14.
Nxd5 Nxd5 15. c3 f6 16. Rfd1 e5 17. Nb5 Bc5+ 18. Kh1 Nxf4 {White resigns}
0-1

[Event "ICC Open 2015"]
[Site "Internet Chess Club"]
[Date "2015.05.29"]
[Round "4"]
[White "jugador"]
[Black "Fanta"]
[Result "0-1"]
[ICCResult "White resigns"]
[WhiteElo "1699"]
[BlackElo "1952"]
[Opening "Caro-Kann: Panov-Botvinnik attack, 5...e6"]
[ECO "B14"]
[NIC "CK.03"]
[Time "14:37:37"]
[TimeControl "180+0"]

1. e4 c6 2. d4 d5 3. exd5 cxd5 4. c4 Nf6 5. Nc3 e6 6. Nf3 Be7 7. Bd3 O-O 8.
O-O b6 9. Re1 Bb7 10. Ne5 Nc6 11. Nxc6 Bxc6 12. cxd5 Nxd5 13. Ne4 Rc8 14.
Qh5 g6 15. Qh3 Qc7 16. Ng5 Bxg5 17. Bxg5 f6 18. Qxe6+ Qf7 19. Bh6 Rfe8 20.
Qxf7+ Kxf7 21. Bc4 g5 22. h4 Kg6 23. hxg5 fxg5 {White resigns} 0-1

[Event "ICC Open 2015"]
[Site "Internet Chess Club"]
[Date "2015.05.29"]
[Round "4"]
[White "knightstar"]
[Black "MeWantCookie"]
[Result "1-0"]
[ICCResult "Black resigns"]
[WhiteElo "1836"]
[BlackElo "1552"]
[Opening "Sicilian: closed"]
[ECO "B24"]
[NIC "SI.44"]
[Time "14:36:37"]
[TimeControl "180+0"]

1. e4 c5 2. Nc3 g6 3. g3 Bg7 4. Bg2 Nc6 5. Nge2 e6 6. O-O Nge7 7. h3 O-O 8.
f4 d6 9. d3 a6 10. Be3 Nd4 11. Qd2 Rb8 12. g4 f5 13. Ng3 b5 14. Rae1 b4 15.
Nd1 a5 16. c3 Ndc6 17. exf5 gxf5 18. gxf5 Nxf5 19. Nxf5 Rxf5 20. Bxc6 Qh4
21. Bg2 e5 22. Qf2 Qf6 23. Qg3 Kh8 24. fxe5 Qxe5 25. Bf4 Qf6 26. Re8+ Bf8
27. Ne3 {Black resigns} 1-0

[Event "ICC Open 2015"]
[Site "Internet Chess Club"]
[Date "2015.05.29"]
[Round "4"]
[White "nikenwidiartto"]
[Black "NietzscheBac"]
[Result "1-0"]
[ICCResult "Black checkmated"]
[WhiteElo "1786"]
[BlackElo "1640"]
[Opening "Scotch gambit: Dubois-Réti defense"]
[ECO "C55"]
[NIC "KP.02"]
[Time "14:36:12"]
[TimeControl "180+0"]

1. e4 e5 2. Nf3 Nc6 3. d4 exd4 4. Bc4 Nf6 5. e5 d5 6. Bb5 a6 7. Bxc6+ bxc6
8. exf6 Qxf6 9. O-O Bg4 10. Qxd4 Qf5 11. Qf4 Qd7 12. Ne5 Qf5 13. Qxf5 Bxf5
14. Nxc6 Bxc2 15. Nc3 Kd7 16. Ne5+ Kd6 17. Re1 f6 18. Nf7+ Kc6 19. Nxh8 Bb4
20. Bd2 Rxh8 21. Rac1 Bg6 22. Nxd5+ Kxd5 23. Bxb4 Rb8 24. Bc3 Kd6 25. Rcd1+
Kc5 26. f3 Bc2 27. Rd2 Bg6 28. Re7 Kc6 29. Rxg7 f5 30. Be5 Rb7 31. Rc2+ Kd5
32. f4 Rb5 33. Rgxc7 Ke4 34. Kf2 h5 35. Rd7 Rb4 36. Re2# {Black checkmated}
1-0

[Event "ICC Open 2015"]
[Site "Internet Chess Club"]
[Date "2015.05.29"]
[Round "4"]
[White "born2die"]
[Black "Nos"]
[Result "0-1"]
[ICCResult "White resigns"]
[WhiteElo "1730"]
[BlackElo "2330"]
[Opening "French: Labourdonnais variation"]
[ECO "C00"]
[NIC "FR.01"]
[Time "14:36:15"]
[TimeControl "180+0"]

1. e4 e6 2. f4 d5 3. d3 dxe4 4. dxe4 Qxd1+ 5. Kxd1 Nf6 6. Bd3 b6 7. Ne2 Bb7
8. Ng3 Nbd7 9. Nc3 Nc5 10. Re1 O-O-O 11. e5 Ng4 12. Ke2 Nxd3 13. cxd3 Bxg2
14. h4 h5 15. Nce4 Be7 16. Ng5 Bxg5 17. hxg5 h4 18. Ne4 h3 19. Ng3 h2 20.
Be3 Nxe3 21. Kxe3 Rh3 22. Kf2 Bb7 23. Rad1 Rdh8 24. Nh1 Rf3+ 25. Ke2 Rxf4
26. Rf1 Rxf1 27. Rxf1 Bxh1 28. Rxh1 Kb7 29. Kf3 Kc6 30. Ke4 Rh4+ 31. Ke3 Kd5
32. g6 fxg6 33. Kf3 Kxe5 {White resigns} 0-1

[Event "ICC Open 2015"]
[Site "Internet Chess Club"]
[Date "2015.05.29"]
[Round "4"]
[White "jorgeearroyo"]
[Black "blunder23"]
[Result "0-1"]
[ICCResult "White checkmated"]
[WhiteElo "1193"]
[BlackElo "1459"]
[Opening "Sicilian defense"]
[ECO "B20"]
[NIC "SI.48"]
[Time "14:36:20"]
[TimeControl "180+0"]

1. e4 c5 2. Bc4 e6 3. Nf3 a6 4. O-O b5 5. Be2 Nc6 6. d4 cxd4 7. Nxd4 Bb7 8.
Bf4 d5 9. exd5 Qxd5 10. Nxc6 Qxd1 11. Rxd1 Bxc6 12. Nc3 Be7 13. a4 Nf6 14.
axb5 Bd5 15. Nxd5 Nxd5 16. Bg3 O-O 17. Rxa6 Rxa6 18. bxa6 Nb4 19. c3 Nc6 20.
b4 f6 21. Rd7 Bd8 22. b5 Na5 23. Bc7 Bxc7 24. Rxc7 Rd8 25. b6 Rd2 26. b7 Rb2
27. Rc8+ Kf7 28. b8=Q Rxe2 29. Qc7+ Kg6 30. Qxa5 Re1# {White checkmated} 0-1

[Event "ICC Open 2015"]
[Site "Internet Chess Club"]
[Date "2015.05.29"]
[Round "4"]
[White "Kaiju"]
[Black "holderlin"]
[Result "1-0"]
[ICCResult "Black resigns"]
[WhiteElo "2101"]
[BlackElo "1620"]
[Opening "King's pawn opening"]
[ECO "B07"]
[NIC "VO.17"]
[Time "14:36:20"]
[TimeControl "180+0"]

1. e4 d6 2. d4 Kd7 3. f4 Qe8 4. Nf3 Kd8 5. c4 Nd7 6. Nc3 h6 7. Be3 a6 8. Bd3
e6 9. O-O Ne7 10. e5 d5 11. cxd5 Nxd5 12. Nxd5 exd5 13. f5 Nb6 14. b3 Bd7
15. a4 c6 16. e6 fxe6 17. fxe6 Bxe6 18. Ne5 Bd6 19. Bg6 Qe7 20. Bf4 Kc7 21.
Qd2 a5 22. Nf7 Bxf7 23. Bxd6+ Qxd6 24. Rxf7+ Nd7 25. Bf5 Rhd8 26. Re1 Kb6
27. Ree7 Nf6 28. Rxb7+ {Black resigns} 1-0

[Event "ICC Open 2015"]
[Site "Internet Chess Club"]
[Date "2015.05.29"]
[Round "4"]
[White "RdgMx"]
[Black "truufseir"]
[Result "1-0"]
[ICCResult "Black checkmated"]
[WhiteElo "1853"]
[BlackElo "1498"]
[Opening "Queen's pawn game"]
[ECO "D02"]
[NIC "QP.08"]
[Time "14:36:50"]
[TimeControl "180+0"]

1. d4 d5 2. Nf3 Bf5 3. Bf4 e6 4. e3 Nc6 5. c3 Nf6 6. Qb3 Qc8 7. Bb5 a6 8.
Bxc6+ bxc6 9. Qa4 Qb7 10. O-O Bd6 11. Be5 O-O 12. Bxd6 cxd6 13. Qa3 Rfd8 14.
Nbd2 Rac8 15. Qb3 Bd3 16. Qxb7 Bxf1 17. Rxf1 Rb8 18. Qxa6 Rxb2 19. Qxc6 Rxa2
20. Qc7 Raa8 21. Rc1 Rac8 22. Qb6 Re8 23. Qxd6 Ne4 24. Nxe4 dxe4 25. Ne5 f5
26. c4 Rcd8 27. Qb4 Rb8 28. Qc3 g5 29. c5 Rbc8 30. c6 Kg7 31. d5 exd5 32.
Nd7+ Kg6 33. Qf6+ Kh5 34. Qxf5 Rg8 35. Qxh7+ Kg4 36. Qh3# {Black checkmated}
1-0

[Event "ICC Open 2015"]
[Site "Internet Chess Club"]
[Date "2015.05.29"]
[Round "4"]
[White "iragefree"]
[Black "Ancient"]
[Result "0-1"]
[ICCResult "White checkmated"]
[WhiteElo "1874"]
[BlackElo "1797"]
[Opening "QGD: exchange, positional line"]
[ECO "D35"]
[NIC "QO.16"]
[Time "14:37:03"]
[TimeControl "180+0"]

1. d4 e6 2. c4 d5 3. Nc3 Nf6 4. cxd5 exd5 5. Bg5 Be7 6. e3 Nbd7 7. Bd3 O-O
8. Qc2 Re8 9. Nf3 Nf8 10. O-O c6 11. Rab1 Ng6 12. b4 a6 13. a4 Bd6 14. b5
axb5 15. axb5 h6 16. Bxg6 fxg6 17. Bh4 Bf5 18. e4 dxe4 19. Ne5 e3 20. Qb3+
Kh7 21. Nf7 Qe7 22. Nxd6 Qxd6 23. Ra1 Rxa1 24. Rxa1 Qxd4 25. Rd1 Qxh4 26. g3
exf2+ 27. Kxf2 Qxh2+ 28. Kf3 Bg4+ 29. Kf4 g5# {White checkmated} 0-1

[Event "ICC Open 2015"]
[Site "Internet Chess Club"]
[Date "2015.05.29"]
[Round "4"]
[White "plagis"]
[Black "Jack-Daniels"]
[Result "0-1"]
[ICCResult "White resigns"]
[WhiteElo "2055"]
[BlackElo "2817"]
[Opening "English: London defensive system"]
[ECO "A12"]
[NIC "QP.09"]
[Time "14:37:02"]
[TimeControl "180+0"]

1. Nf3 d5 2. c4 c6 3. b3 Bf5 4. g3 Nf6 5. Bg2 h6 6. O-O e6 7. d3 Be7 8. Bb2
O-O 9. Nbd2 Nbd7 10. Rc1 a5 11. a3 Bh7 12. Rc2 Re8 13. Qa1 Bf8 14. Rfc1 Qb6
15. cxd5 exd5 16. Bd4 c5 17. Bb2 Rxe2 18. Ne5 Nxe5 19. Bxe5 Bxd3 20. Bf3
Rxe5 21. Qxe5 Re8 22. Qf4 g5 23. Nc4 dxc4 24. Qd2 Bxc2 25. Qxc2 cxb3 26. Qc3
Bg7 {White resigns} 0-1

[Event "ICC Open 2015"]
[Site "Internet Chess Club"]
[Date "2015.05.29"]
[Round "4"]
[White "HuevosDeLeon"]
[Black "Chaos23"]
[Result "1-0"]
[ICCResult "Black resigns"]
[WhiteElo "2678"]
[BlackElo "2050"]
[Opening "Scandinavian defense"]
[ECO "B01"]
[NIC "SD.03"]
[Time "14:37:33"]
[TimeControl "180+0"]

1. e4 d5 2. exd5 Nf6 3. d4 Bg4 4. Bb5+ Nbd7 5. Be2 Bxe2 6. Qxe2 Nxd5 7. c4
N5f6 8. Nc3 g6 9. Nf3 Bg7 10. O-O O-O 11. Re1 Re8 12. Bg5 h6 13. Bh4 a6 14.
Rad1 b5 15. c5 c6 16. b4 a5 17. a3 axb4 18. axb4 Nf8 19. Ne5 Ra3 20. Nxc6
Qa8 21. Nxb5 Ra2 22. Nxe7+ Kh7 23. Qf3 Qxf3 24. gxf3 Ne6 25. Bxf6 Bxf6 26.
Nd5 Bh4 27. Rf1 Ng5 28. Nf6+ Kh8 29. Nxe8 Nh3+ 30. Kg2 Nf4+ 31. Kh1 Bxf2 32.
Nc3 Rc2 33. Rc1 Rd2 34. Ne4 {Black resigns} 1-0

[Event "ICC Open 2015"]
[Site "Internet Chess Club"]
[Date "2015.05.29"]
[Round "4"]
[White "carlito78"]
[Black "past"]
[Result "0-1"]
[ICCResult "White checkmated"]
[WhiteElo "1559"]
[BlackElo "1826"]
[Opening "French: advance variation"]
[ECO "C02"]
[NIC "FR.03"]
[Time "14:37:52"]
[TimeControl "180+0"]

1. e4 e6 2. d4 d5 3. e5 c5 4. f4 Nc6 5. Nf3 Qb6 6. c3 Bd7 7. Na3 cxd4 8.
cxd4 a6 9. Nc2 Nge7 10. b3 Nf5 11. Bb2 Be7 12. Bd3 Nh4 13. Nxh4 Bxh4+ 14. g3
Be7 15. O-O O-O 16. Kg2 g6 17. g4 f6 18. f5 gxf5 19. gxf5 fxe5 20. Qg4+ Kh8
21. fxe6 Rg8 22. h3 Rxg4+ 23. hxg4 Bxe6 24. Rh1 e4 25. Be2 Rg8 26. Kg3 Qc7+
27. Kg2 Bxg4 28. Bxg4 Rxg4+ 29. Kf2 Qf4+ 30. Ke2 Rg2+ 31. Ke1 Qf2+ 32. Kd1
Qd2# {White checkmated} 0-1

[Event "ICC Open 2015"]
[Site "Internet Chess Club"]
[Date "2015.05.29"]
[Round "4"]
[White "triumphant1"]
[Black "zona"]
[Result "0-1"]
[ICCResult "White resigns"]
[WhiteElo "2072"]
[BlackElo "2534"]
[Opening "Queen's pawn game"]
[ECO "A46"]
[NIC "QP.06"]
[Time "14:37:38"]
[TimeControl "180+0"]

1. d4 Nf6 2. Nf3 c5 3. c3 g6 4. Bf4 Bg7 5. e3 O-O 6. h3 b6 7. Bc4 Bb7 8.
Nbd2 d5 9. Bd3 Nbd7 10. O-O Ne4 11. Qe2 a6 12. Rac1 h6 13. Ne1 Nxd2 14. Qxd2
e5 15. dxe5 Nxe5 16. Be2 Re8 17. Nf3 Nc6 18. Rcd1 Ne7 19. Bd3 Qc8 20. Rde1
Nf5 21. e4 dxe4 22. g4 exd3 23. Ne5 Nh4 {White resigns} 0-1

[Event "ICC Open 2015"]
[Site "Internet Chess Club"]
[Date "2015.05.29"]
[Round "4"]
[White "chabotheking"]
[Black "Providence"]
[Result "0-1"]
[ICCResult "White resigns"]
[WhiteElo "2426"]
[BlackElo "2380"]
[Opening "Sicilian"]
[ECO "B50"]
[NIC "SI.01"]
[Time "14:36:34"]
[TimeControl "180+0"]

1. e4 c5 2. Nf3 d6 3. c3 Nf6 4. Be2 Bg4 5. O-O Nc6 6. d4 cxd4 7. cxd4 g6 8.
e5 dxe5 9. Nxe5 Qxd4 10. Nxc6 Qxd1 11. Bxd1 Bxd1 12. Rxd1 bxc6 13. Bd2 Nd5
14. Nc3 Bg7 15. Rac1 Kd7 16. b3 Rac8 17. Ne4 Rhd8 18. Ba5 Rf8 19. Nc5+ Ke8
20. Re1 e6 21. Ne4 Ke7 22. Bd2 Bd4 23. Bg5+ f6 24. Bh6 Rfe8 25. Rcd1 c5 26.
Bc1 Red8 27. Ba3 Kf7 28. h4 h6 29. g3 f5 30. Nd2 Nc3 31. Rc1 Nxa2 32. Rc2
Nb4 33. Bxb4 cxb4 34. Nc4 Bc3 35. Ree2 Rxc4 36. bxc4 a5 37. Ra2 Ra8 38. Kg2
a4 39. c5 a3 40. Rac2 Rc8 41. Re3 Rxc5 42. Rd3 Rc7 {White resigns} 0-1

[Event "ICC Open 2015"]
[Site "Internet Chess Club"]
[Date "2015.05.29"]
[Round "4"]
[White "Dlugy"]
[Black "xionoula"]
[Result "1-0"]
[ICCResult "Black resigns"]
[WhiteElo "3039"]
[BlackElo "2201"]
[Opening "QGD Slav defense"]
[ECO "D10"]
[NIC "SL.01"]
[Time "14:36:48"]
[TimeControl "180+0"]

1. d4 d5 2. c4 c6 3. Nc3 Nf6 4. e3 a6 5. Nf3 b5 6. b3 Bg4 7. Be2 e6 8. h3
Bh5 9. Bb2 Nbd7 10. Ne5 Bxe2 11. Nxe2 Nxe5 12. dxe5 Nd7 13. O-O Rc8 14. Nf4
Qc7 15. cxd5 cxd5 16. Rc1 Qb8 17. Rxc8+ Qxc8 18. Qg4 Qc2 19. Bd4 g6 20. Ne2
Qf5 21. Rc1 Qxg4 22. Rc8+ Ke7 23. hxg4 Bg7 24. Rc6 Bxe5 25. Rxa6 Bxd4 26.
Nxd4 Rb8 27. Nc6+ {Black resigns} 1-0

[Event "ICC Open 2015"]
[Site "Internet Chess Club"]
[Date "2015.05.29"]
[Round "4"]
[White "jps7"]
[Black "kevinice"]
[Result "0-1"]
[ICCResult "White checkmated"]
[WhiteElo "1626"]
[BlackElo "1886"]
[Opening "King's Indian: East Indian defense"]
[ECO "A48"]
[NIC "QP.06"]
[Time "14:36:32"]
[TimeControl "180+0"]

1. d4 Nf6 2. Nf3 g6 3. Nc3 d5 4. Bf4 Bg7 5. e3 Nh5 6. Bg3 Nxg3 7. hxg3 O-O
8. Be2 c5 9. Ng5 cxd4 10. exd4 e5 11. Nxh7 exd4 12. Nxf8 dxc3 13. Nxg6 cxb2
14. Rb1 fxg6 15. Bd3 Qd6 16. Qf3 Nc6 17. g4 Ne5 18. Qg3 Nxd3+ 19. cxd3 Qxg3
20. fxg3 Bxg4 21. Kd2 Rc8 22. Rh4 Bc3+ 23. Ke3 d4+ 24. Kf4 Be2 25. Kg5 Bxd3
26. Rbh1 b1=Q 27. Rh8+ Kf7 28. Rxb1 Bd2+ 29. Kg4 Be2+ 30. Kh4 Rxh8#
{White checkmated}
0-1

[Event "ICC Open 2015"]
[Site "Internet Chess Club"]
[Date "2015.05.29"]
[Round "4"]
[White "Kakarotto"]
[Black "eltigrecu"]
[Result "0-1"]
[ICCResult "White forfeits on time"]
[WhiteElo "2567"]
[BlackElo "2065"]
[Opening "Queen's pawn game, Darooha variation "]
[ECO "D02"]
[NIC "QP.08"]
[Time "14:36:17"]
[TimeControl "180+0"]

1. d4 d5 2. Nf3 Nf6 3. g3 c6 4. Bg2 Bf5 5. O-O Nbd7 6. c3 e6 7. Nbd2 Bd6 8.
a4 Qc7 9. a5 a6 10. b4 Ne4 11. Bb2 Ndf6 12. Nb3 O-O {White forfeits on time}
0-1

[Event "ICC Open 2015"]
[Site "Internet Chess Club"]
[Date "2015.05.29"]
[Round "4"]
[White "Giantvin"]
[Black "seamesa"]
[Result "1-0"]
[ICCResult "Black checkmated"]
[WhiteElo "1954"]
[BlackElo "1240"]
[Opening "QGD Slav defense: exchange variation"]
[ECO "D10"]
[NIC "SL.01"]
[Time "14:36:17"]
[TimeControl "180+0"]

1. d4 c6 2. c4 d5 3. cxd5 cxd5 4. Bf4 Nc6 5. e3 Bf5 6. Nc3 Nf6 7. Qb3 e6 8.
Qxb7 Bb4 9. Qxc6+ Kf8 10. Bc7 Qe8 11. Bd6+ Kg8 12. Qxe8+ Nxe8 13. Bxb4 Nc7
14. Ba5 Ne8 15. Nf3 Nf6 16. Kd2 h6 17. Bd3 Ne4+ 18. Bxe4 dxe4 19. Ne5 f6 20.
Nc4 Kf7 21. Nd6+ Kg6 22. Ndxe4 Rhc8 23. f3 h5 24. Rhg1 Kf7 25. Nd6+ Kg8 26.
Nxc8 Rxc8 27. Rac1 e5 28. dxe5 fxe5 29. Nd5 Rd8 30. e4 Kh7 31. Bxd8 Bxe4 32.
fxe4 g5 33. Rc7+ Kg6 34. Rc6+ Kg7 35. Rf1 g4 36. Rff6 Kg8 37. Rc7 h4 38. Re6
Kf8 39. Rh6 Kg8 40. Nf6+ Kf8 41. Rh8# {Black checkmated} 1-0

[Event "ICC Open 2015"]
[Site "Internet Chess Club"]
[Date "2015.05.29"]
[Round "4"]
[White "Kempka"]
[Black "yaguaro"]
[Result "1-0"]
[ICCResult "Black resigns"]
[WhiteElo "2783"]
[BlackElo "2134"]
[Opening "Old Indian: Tartakower (Wade) variation"]
[ECO "A41"]
[NIC "QO.17"]
[Time "14:37:01"]
[TimeControl "180+0"]

1. d4 d6 2. Nf3 Bg4 3. Nbd2 Nd7 4. h3 Bh5 5. c4 e5 6. Qb3 b6 7. Qe3 Qe7 8.
b3 f5 9. Bb2 e4 10. g4 exf3 11. gxh5 fxe2 12. Bxe2 Qxe3 13. fxe3 Ngf6 14.
Rg1 Kf7 15. Nf3 Re8 16. Ng5+ Kg8 17. Kd2 h6 18. Nf3 Ne4+ 19. Kc2 Be7 20. d5
Bf6 21. Nd4 Bxd4 22. Bxd4 Ne5 23. Raf1 Rf8 24. Bd3 Kh7 25. Rxf5 Rxf5 26.
Bxe4 Rf8 27. Rf1 g6 28. hxg6+ Kxg6 29. Bxe5 dxe5 30. h4 a5 31. a3 Rf6 32. b4
axb4 33. axb4 h5 34. c5 bxc5 35. bxc5 Rf7 36. Rxf5 Rxf5 37. c6 Kf6 38. Bxf5
Kxf5 39. d6 cxd6 40. c7 d5 41. c8=Q+ Ke4 42. Kd2 d4 43. exd4 exd4 44. Qe8+
Kf4 45. Qxh5 {Black resigns} 1-0

[Event "ICC Open 2015"]
[Site "Internet Chess Club"]
[Date "2015.05.29"]
[Round "4"]
[White "vpeichev"]
[Black "jonesey"]
[Result "0-1"]
[ICCResult "White checkmated"]
[WhiteElo "1630"]
[BlackElo "1892"]
[Opening "Ruy Lopez: exchange variation"]
[ECO "C68"]
[NIC "RL.08"]
[Time "14:36:52"]
[TimeControl "180+0"]

1. e4 e5 2. Nf3 Nc6 3. Bb5 a6 4. Bxc6 dxc6 5. d4 exd4 6. Qxd4 Qxd4 7. Nxd4
c5 8. Nf3 Bg4 9. Be3 Bxf3 10. gxf3 O-O-O 11. Nc3 Nf6 12. Ke2 Be7 13. Rad1
Rxd1 14. Rxd1 Rd8 15. Rxd8+ Kxd8 16. e5 Nd7 17. f4 Nb6 18. Ne4 Nd7 19. c4 c6
20. a4 b5 21. b3 Kc7 22. Kd3 Kb6 23. axb5 cxb5 24. b4 Kc6 25. cxb5+ axb5 26.
Nxc5 Nxc5+ 27. Bxc5 Bxc5 28. bxc5 Kxc5 29. f3 b4 30. h4 b3 31. Kc3 Kd5 32.
Kxb3 Kd4 33. Kb4 g6 34. Kb5 Ke3 35. Kc5 Kxf4 36. Kd5 Kxf3 37. Kd6 Kf4 38. e6
fxe6 39. Kxe6 Kg4 40. Kf6 Kxh4 41. Kg7 g5 42. Kxh7 g4 43. Kg7 g3 44. Kf6 g2
45. Kf5 g1=Q 46. Kf6 Qc5 47. Ke6 Kg5 48. Kd7 Qb6 49. Ke7 Qc6 50. Kf7 Qd6 51.
Kg7 Qe7+ 52. Kg8 Kg6 53. Kh8 Qe8# {White checkmated} 0-1

[Event "ICC Open 2015"]
[Site "Internet Chess Club"]
[Date "2015.05.29"]
[Round "4"]
[White "Glamurius"]
[Black "Red-white"]
[Result "1-0"]
[ICCResult "Black resigns"]
[WhiteElo "2973"]
[BlackElo "3277"]
[Opening "Bogo-Indian defense, Grünfeld variation"]
[ECO "E11"]
[NIC "QI.01"]
[Time "14:36:47"]
[TimeControl "180+0"]

1. d4 Nf6 2. c4 e6 3. Nf3 Bb4+ 4. Nbd2 O-O 5. a3 Be7 6. e4 d6 7. Be2 Nbd7 8.
O-O e5 9. Re1 a5 10. Bd3 c6 11. Bc2 Qc7 12. Nf1 Re8 13. Ne3 Bf8 14. d5 Nc5
15. Nd2 a4 16. f3 Bd7 17. b4 axb3 18. Nxb3 Nxb3 19. Bxb3 Ra7 20. Bb2 Rea8
21. Rb1 Be8 22. Rf1 Nd7 23. Bc2 Nc5 24. Kh1 Bd7 25. f4 Re8 26. fxe5 dxe5 27.
Qh5 Bc8 28. Rf2 g6 29. Qf3 Bg7 30. Rbf1 Rf8 31. Qg3 Qd6 32. h4 h5 33. Qg5
Nd7 34. g4 Rxa3 35. Bxa3 Qxa3 36. gxh5 f6 37. Qg3 Nb6 38. Rf3 Qb2 39. Qxg6
{Black resigns}
1-0

[Event "ICC Open 2015"]
[Site "Internet Chess Club"]
[Date "2015.05.29"]
[Round "4"]
[White "RJoseph12"]
[Black "ghorok"]
[Result "0-1"]
[ICCResult "White checkmated"]
[WhiteElo "1245"]
[BlackElo "1555"]
[Opening "French: exchange variation"]
[ECO "C01"]
[NIC "FR.01"]
[Time "14:37:48"]
[TimeControl "180+0"]

1. e4 e6 2. d4 d5 3. exd5 exd5 4. Bd3 Bd6 5. Ne2 Ne7 6. Nbc3 Nbc6 7. O-O Be6
8. h3 Qd7 9. Be3 f6 10. Qd2 O-O-O 11. Bf4 g5 12. Bxd6 Qxd6 13. Nb5 Qd7 14.
a4 h5 15. a5 h4 16. a6 b6 17. Na3 g4 18. Nf4 gxh3 19. Nxh3 Bxh3 20. gxh3
Qxh3 21. Qf4 Rhg8+ 22. Qg3 Rxg3+ 23. fxg3 Qxg3+ 24. Kh1 Rg8 25. Bf5+ Nxf5
26. Rxf5 Qg2# {White checkmated} 0-1

[Event "ICC Open 2015"]
[Site "Internet Chess Club"]
[Date "2015.05.29"]
[Round "4"]
[White "paulohaddad"]
[Black "elmonkey"]
[Result "1-0"]
[ICCResult "Black forfeits on time"]
[WhiteElo "1779"]
[BlackElo "1330"]
[Opening "Queen's pawn game"]
[ECO "D02"]
[NIC "QP.08"]
[Time "14:36:35"]
[TimeControl "180+0"]

1. d4 d5 2. Nf3 Bf5 3. Bf4 c6 4. e3 e6 5. Bd3 Bxd3 6. Qxd3 Nf6 7. Ne5 Be7 8.
Nd2 O-O 9. O-O Nbd7 10. Bg3 Nh5 11. Ndf3 Nxg3 12. hxg3 c5 13. c3 Rc8 14.
Rac1 Nf6 15. Nd2 Qb6 16. b3 Rc7 17. c4 Qd6 18. f4 Qd8 19. Rfd1 h6 20. cxd5
exd5 21. Qf5 cxd4 22. exd4 Rxc1 23. Rxc1 Ba3 24. Rc2 Re8 25. g4 Qb6 26. Ndf3
{Black forfeits on time}
1-0

[Event "ICC Open 2015"]
[Site "Internet Chess Club"]
[Date "2015.05.29"]
[Round "4"]
[White "klodshans"]
[Black "paraguayo"]
[Result "1-0"]
[ICCResult "Black resigns"]
[WhiteElo "1558"]
[BlackElo "1771"]
[Opening "Queen's pawn, Mason variation"]
[ECO "D00"]
[NIC "QP.08"]
[Time "14:36:44"]
[TimeControl "180+0"]

1. d4 d5 2. Bf4 Nf6 3. e3 e6 4. Nd2 Be7 5. Ngf3 O-O 6. c4 Nbd7 7. c5 c6 8.
b4 Re8 9. b5 Nh5 10. Bg3 Nxg3 11. hxg3 e5 12. Nxe5 Nxe5 13. dxe5 Bxc5 14.
Qc2 Bb4 15. Qxh7+ Kf8 16. O-O-O Qa5 17. bxc6 Qa3+ 18. Kb1 Bc3 19. Qc2 Bf5
20. e4 dxe4 21. Nc4 Qb4+ 22. Qb3 e3+ 23. Bd3 Bxd3+ 24. Rxd3 Qxb3+ 25. axb3
Bxe5 26. Rxe3 bxc6 27. Nxe5 Rad8 28. Rh8+ Ke7 29. Nxc6+ Kd7 30. Rhxe8 Rxe8
31. Rxe8 Kxc6 32. Re7 {Black resigns} 1-0

[Event "ICC Open 2015"]
[Site "Internet Chess Club"]
[Date "2015.05.29"]
[Round "4"]
[White "Tasmaniandevil"]
[Black "isodung"]
[Result "0-1"]
[ICCResult "White checkmated"]
[WhiteElo "2103"]
[BlackElo "2654"]
[Opening "Caro-Kann: Panov-Botvinnik attack"]
[ECO "B13"]
[NIC "CK.02"]
[Time "14:36:33"]
[TimeControl "180+0"]

1. e4 c6 2. d4 d5 3. exd5 cxd5 4. c4 dxc4 5. Nc3 Nc6 6. Nf3 Nf6 7. Bxc4 e6
8. O-O Bd6 9. Re1 O-O 10. a3 a6 11. Qd3 b5 12. Bb3 h6 13. Bc2 Ne7 14. Ne5
Bb7 15. Bd2 Rc8 16. Re3 Nf5 17. Rh3 Bb8 18. Be3 Nd5 19. g4 Nxc3 20. bxc3
Bxe5 21. gxf5 Qd5 22. f3 Bf6 23. fxe6 fxe6 24. Bxh6 Rxc3 25. Qh7+ Kf7 26.
Bg6+ Ke7 27. Rd1 Bxd4+ 28. Kg2 Rfxf3 29. Rxd4 Rg3+ 30. Kf2 Qxd4+ 31. Ke1
Qg1+ 32. Kd2 Qc1+ 33. Ke2 Rg2# {White checkmated} 0-1